 Dungeon Crawl Stone Soup version 0.23-a0-558-g30802b1 (webtiles) character file.

5780 Amnesiac the Thrower (level 10, 0/49 HPs)
             Began as a Spriggan Berserker on Dec 12, 2018.
             Was a High Priest of Trog.
             Succumbed to a hornet's poison
             ... on level 9 of the Dungeon.
             The game lasted 00:15:48 (8889 turns).

Amnesiac the Thrower (Spriggan Berserker)           Turns: 8889, Time: 00:15:48

Health: 0/49       AC:  7    Str: 16    XL:     10   Next: 50%
Magic:  23/23      EV: 23    Int:  9    God:    Trog [*****.]
Gold:   403        SH:  4    Dex: 14    Spells: 9/9 levels left

rFire    . . .     SeeInvis +   a - +2 short sword (drain)
rCold    . . .     Gourm    .   (shield restricted)
rNeg     . . .     Faith    .   v - +0 troll leather armour
rPois    .         Spirit   .   (helmet restricted)
rElec    .         Reflect  .   A - +0 cloak {+Inv}
rCorr    .         Harm     .   (gloves unavailable)
MR       +....                  (boots unavailable)
Stlth    ++++......             s - amulet of the acrobat
HPRegen  0.56/turn              d - ring of magical power
MPRegen  0.18/turn              x - ring of flight

@: lethally poisoned (0 -> -2), very quick
A: very small, unfitting armour, large bone plates 1, thin metallic scales 1,
see invisible, clumsy 1, herbivore, speed 3, slow metabolism 2
a: Berserk, Trog's Hand, Brothers in Arms, Renounce Religion, Evoke
Invisibility, Evoke Flight


You were on level 9 of the Dungeon.
You worshipped Trog.
Trog was extremely pleased with you.
You were full.

You visited 1 branch of the dungeon, and saw 9 of its levels.

You collected 424 gold pieces.
You spent 21 gold pieces at shops.

Inventory:

Hand Weapons
 a - a +2 short sword of draining (weapon)
Missiles
 g - 10 tomahawks (quivered)
Armour
 v - a +0 troll leather armour (worn)
 A - a +0 cloak of invisibility (worn)
Jewellery
 d - a ring of magical power (left hand)
 m - an uncursed ring of fire
 s - an amulet of the acrobat (around neck)
 x - a ring of flight (right hand)
Wands
 p - a wand of digging (4)
 u - a wand of enslavement (8)
 w - a wand of flame (27)
 z - a wand of random effects (11)
Scrolls
 c - a scroll of remove curse {!r}
 e - 5 scrolls of teleportation {!r}
 i - a scroll of identify {!r}
 k - 2 scrolls of fog {!r}
 q - a scroll of fear {!r}
 r - 4 scrolls of magic mapping {!r}
 y - a scroll of blinking {!r, unknown}
 C - a scroll of immolation {!r, unknown}
Potions
 b - 2 potions of magic {!q, unknown}
 f - 4 potions of haste {!q}
 h - a potion of brilliance {!q}
 j - a potion of mutation {!q}
 l - a potion of curing {!q}
 n - 3 potions of heal wounds {!q}
 t - a potion of flight {!q}
 B - a potion of cancellation {!q, unknown}
Comestibles
 o - 7 rations


   Skills:
 - Level 3.0 Fighting
 - Level 8.0 Short Blades
 + Level 9.9 Throwing
 + Level 4.1 Armour
 - Level 9.0 Dodging
 - Level 8.0 Stealth
 + Level 4.7 Evocations


You had 9 spell levels left.
You didn't know any spells.
Your spell library was empty.

Dungeon Overview and Level Annotations

Branches:
Dungeon (9/15)             Temple (0/1) D:4
   Lair: D:8-11         Orc: D:9-12

Altars:
Ashenzari
Elyvilon
Hepliaklqana
Nemelex Xobeh
Okawaru
Vehumet
Xom

Shops:
D:4 [


Innate Abilities, Weirdness & Mutations

You are very small and have problems with some larger weapons.
You are too small for most types of armour.
You have supernaturally acute eyesight. (SInv)
You are a herbivore.
You cover ground extremely quickly.
You need to consume almost no food.
You are partially covered in large bone plates. (SH +4)
You are partially covered in thin metallic scales. (AC +2)
You are clumsy. (Dex -2)


Message History

No target in view!
No target in view!
No target in view!
No target in view!
No target in view!
No target in view!
No target in view!
Things that are here:
a +1 shortbow of velocity; 20 arrows
Found a stone staircase leading down.
You now have 403 gold pieces (gained 17).
An ice beast comes into view.
You see here a wand of polymorph (9).
A troll and a zombie come into view.
A hornet comes into view.
The troll shouts!
The hornet buzzes angrily.
You barely miss the troll. The troll misses you. You block the troll's attack.
The troll barely misses you.
You hit the troll but do no damage. You drain the troll!
The troll is lightly wounded.
The hornet stings you!
You feel yourself slow down. The hornet misses you.
You hit the troll.
The troll is lightly wounded.
The troll bites you but does no damage. The troll claws you! x2
* * * LOW HITPOINT WARNING * * *
The hornet misses you.
You closely miss the troll.
The troll is lightly wounded.
The hornet completely misses you. The troll closely misses you.
You block the troll's attack. The troll misses you. The hornet misses you.
The troll misses you. The troll claws you.
* * * LOW HITPOINT WARNING * * *
The troll completely misses you.
You hit the troll.
The troll is lightly wounded.
You feel yourself speed up. You block the hornet's attack.
You block the troll's attack. The troll closely misses you.
The troll claws you.
* * * LOW HITPOINT WARNING * * *
You closely miss the troll.
The troll is lightly wounded.
The hornet closely misses you.
You barely miss the troll.
The troll is lightly wounded.
The hornet stings you!
* * * LOW HITPOINT WARNING * * *
You are poisoned.
You feel yourself slow down. The troll misses you.
The troll closely misses you. The troll claws you.
* * * LOW HITPOINT WARNING * * *
You are too injured to fight recklessly!
You are too injured to fight recklessly!
You are too injured to fight recklessly!
You are too injured to fight recklessly!
You are too injured to fight recklessly!
You are too injured to fight recklessly!
You are too injured to fight recklessly!
Okay, then.
Really read
q - 2 scrolls of fear {!r}?
As you read the scroll of fear {!r}, it crumbles to dust.
You assume a fearsome visage.
The hornet looks frightened!
The troll looks frightened!
The ice beast looks frightened!
You feel yourself speed up.
You die...

##.###.....#
#.## ##....#
...#
##.###.....#
....
##.#..>...#...#.
##.##..###....
#.##/..#... ..
#.###..#.#....
..# #..yY.....
#.# ##@#.#.Y..
..# #T#.# .. ...
... # #.. ...##
..### .## .# #.


You could see a troll (fleeing), a hornet (fleeing) and an ice beast (fleeing).

Vanquished Creatures
  A two-headed ogre (D:8)
  Pikel (D:7)
  The ghost of SaintRoka the Magician, a novice TeFE of Sif Muna (D:6)
  A troll (D:7)
  Prince Ribbit (D:7)
  3 hippogriffs
  A hungry ghost (D:6)
  Duvessa (D:7)
  A phantom (D:7)
  3 ice beasts (D:5)
  2 sky beasts (D:8)
  An orc warrior (D:8)
  2 ogres (D:7)
  3 centaurs
  6 bullfrogs
  Dowan (D:7)
  A scorpion (D:8)
  A killer bee (D:7)
  5 howler monkeys
  A crimson imp (D:5)
  4 bullfrog zombies
  2 centaur zombies
  A quasit (D:8)
  5 orc priests
  2 bullfrog skeletons (D:5)
  8 orc wizards
  Crazy Yiuf (D:7)
  4 hounds
  2 centaur skeletons
  2 iguanas
  A jelly (D:5)
  7 worker ants
  A hound zombie (D:4)
  3 hound skeletons
  2 howler monkey zombies
  3 worker ant zombies
  10 adders
  2 shadow imps
  4 oozes
  A worm (D:2)
  3 dart slugs
  5 leopard geckos
  38 orcs
  10 bats
  3 giant cockroaches
  14 goblins
  14 hobgoblins
  10 jackals
  10 kobolds
  3 quokkas
  A ball python (D:1)
  6 frilled lizards
  A leopard gecko skeleton (D:7)
  A quokka skeleton (D:4)
  7 rats
228 creatures vanquished.

Vanquished Creatures (others)
  5 plants (D:7)
5 creatures vanquished.

Grand Total: 233 creatures vanquished

Notes
Turn   | Place    | Note
-------+----------+-------------------------------------------
     0 | D:1      | Amnesiac the Spriggan Berserker began the quest for the
                  | Orb.
     0 | D:1      | Reached XP level 1. HP: 11/11 MP: 2/2
     0 | D:1      | Noticed a large abomination
     0 | D:1      | Noticed an orb of fire
     2 | D:1      | Noticed a shadow dragon
     4 | D:1      | Noticed an iron dragon
     7 | D:1      | Noticed a large abomination
     8 | D:1      | Noticed a large abomination
    11 | D:1      | Noticed a tentacled monstrosity
    11 | D:1      | Noticed an orb of fire
    13 | D:1      | Noticed an ice dragon
    13 | D:1      | Noticed a yellow draconian
    17 | D:1      | Noticed a large abomination
    17 | D:1      | Noticed a shadow dragon
    17 | D:1      | Noticed an orb of fire
    19 | D:1      | Noticed an iron dragon
    21 | D:1      | Noticed a shadow dragon
   165 | D:1      | Reached skill level 1 in Stealth
   271 | D:1      | Reached XP level 2. HP: 16/16 MP: 3/3
   947 | D:1      | Reached XP level 3. HP: 19/19 MP: 4/4
  1239 | D:2      | Found a shimmering altar of Xom.
  1361 | D:2      | Reached ** piety under Trog
  1486 | D:2      | Reached XP level 4. HP: 23/23 MP: 5/5
  1500 | D:2      | Reached skill level 5 in Short Blades
  1712 | D:2      | Found an iron altar of Okawaru.
  1712 | D:2      | Found a shattered altar of Ashenzari.
  1736 | D:2      | Reached XP level 5. HP: 27/27 MP: 6/6
  2197 | D:3      | Reached *** piety under Trog
  2468 | D:3      | Found a sparkling altar of Nemelex Xobeh.
  2573 | D:3      | Reached skill level 5 in Stealth
  2700 | D:3      | Reached XP level 6. HP: 32/32 MP: 7/7
  3212 | D:4      | Found a staircase to the Ecumenical Temple.
  3249 | D:4      | Gained mutation: You are partially covered in large bone
                  | plates. (SH +4) [potion of mutation]
  3249 | D:4      | Gained mutation: You are clumsy. (Dex -2) [potion of
                  | mutation]
  3249 | D:4      | Gained mutation: You are partially covered in thin metallic
                  | scales. (AC +2) [potion of mutation]
  3601 | D:4      | Found Atadyne's Armour Shoppe.
  3612 | D:4      | Bought a cursed +0 cloak for 21 gold pieces
  4209 | D:4      | Reached XP level 7. HP: 35/35 MP: 8/8
  4302 | D:5      | Entered Level 5 of the Dungeon
  4326 | D:5      | Reached **** piety under Trog
  4426 | D:5      | Got a shimmering whip
  4548 | D:5      | Found a shimmering altar of Xom.
  4551 | D:5      | Found a hazy altar of Hepliaklqana.
  4964 | D:5      | Found a white marble altar of Elyvilon.
  4970 | D:5      | Reached skill level 1 in Throwing
  4986 | D:5      | Reached skill level 5 in Dodging
  5144 | D:5      | Reached XP level 8. HP: 26/40 MP: 9/9
  5491 | D:5      | Identified the +10 whip "Esuhenui" {elec, rF+ rC+} (You
                  | found it on level 5 of the Dungeon)
  6208 | D:6      | Found a runed door.
  6385 | D:6      | Noticed SaintRoka's ghost (novice TeFE)
  6397 | D:6      | Killed SaintRoka's ghost
  6397 | D:6      | Reached skill level 5 in Throwing
  6441 | D:7      | Noticed Prince Ribbit
  6447 | D:7      | Noticed Duvessa
  6452 | D:7      | Noticed Dowan
  6568 | D:6      | Reached XP level 9. HP: 44/44 MP: 10/10
  7099 | D:7      | Noticed a troll
  7115 | D:7      | Killed a troll
  7273 | D:7      | Reached ***** piety under Trog
  7314 | D:7      | Found a runed door.
  7363 | D:7      | Reached skill level 1 in Armour
  7561 | D:7      | Killed Duvessa
  7564 | D:7      | Killed Prince Ribbit
  7568 | D:7      | Killed Dowan
  7606 | D:7      | Noticed Pikel
  7639 | D:7      | Killed Pikel
  7922 | D:7      | Noticed Crazy Yiuf
  7929 | D:7      | Killed Crazy Yiuf
  8018 | D:8      | Reached XP level 10. HP: 33/49 MP: 11/11
  8236 | D:8      | Reached skill level 1 in Evocations
  8264 | D:8      | Found a radiant altar of Vehumet.
  8313 | D:8      | Received a gift from Trog
  8389 | D:8      | Noticed a two-headed ogre
  8414 | D:8      | Killed a two-headed ogre
  8589 | D:8      | Received a gift from Trog
  8888 | D:9      | HP: 1/49 [troll (6)]
  8889 | D:9      | Succumbed to a hornet's poison

Vault maps used:
D:1:      shiori_arrival_whats_in_store_for_you, chequers_hall_statues_corner_a,
          minmay_crystal_room, glass_columns_b, minmay_misc_feat_four_crosses
D:2:      marbit_many_paths, chequers_temple_overflow_statue_of_worship,
          serial_rivers, chequers_serial_rivers_small_3,
          chequers_serial_rivers_marsh, chequers_serial_rivers_large_b,
          chequers_serial_rivers_marsh, chequers_serial_rivers_room_a,
          minmay_increasing_density
D:3:      nemelex_xobeh_ov_fountains_minmay
D:4:      minmay_temple_entry_ruins, serial_undead, serial_undead_d,
          serial_undead_a, serial_undead_a, serial_undead_a, first_ration,
          serial_shops, nicolae_shop_trees, minmay_small_thing
D:5:      kennysheep_little_box, elyvilon_altar_5, basic_altar
D:6:      ebering_ghost_reflecting_pool
D:7:      hex_intersection, minmay_misc_feat_chi, nicolae_water_bricks,
          minmay_shattered_shrine, uniq_prince_ribbit1, uniq_crazy_yiuf_cottage,
          uniq_duvessa, uniq_pikel
D:8:      lemuel_coloured_pillars_altar
D:9:      kiku_gazebo_garden_becter, lemuel_zombie_altar_yredelemnul,
          erik_lair_orcish_takeover

Skill      XL: |  1  2  3  4  5  6  7  8  9 10 |
---------------+-------------------------------+-----
Stealth        | 1 2 3 4 5 6 7 8 |  8.0
Short Blades   | 4 5 6 7 8 |  8.0
Throwing       | 2 5 9 |  9.9
Dodging        | 5 8 9 |  9.0
Fighting       | 3 |  3.0
Armour         | 2 4 |  4.1
Evocations     | 4 |  4.7

Action                   |  1- 3 |  4- 6 |  7- 9 | 10-12 || total
-------------------------+-------+-------+-------+-------++-------
Melee: Short sword       |   115 |   261 |   388 |   167 ||   931
       Dagger            |       |    12 |    50 |       ||    62
Throw: Tomahawk          |       |       |       |     3 ||     3
Invok: Berserk           |     2 |       |     2 |       ||     4
 Abil: Evoke Invisibilit |       |       |     1 |       ||     1
  Use: Scroll            |       |     5 |     7 |     1 ||    13
       Potion            |       |     6 |       |       ||     6
 Stab: Sleeping          |     9 |    12 |    15 |     5 ||    41
       Invisible         |       |       |     2 |       ||     2
  Eat: Ration            |     1 |     3 |     5 |       ||     9
Armor: Animal skin       |     9 |       |       |       ||     9
       Skin              |       |     4 |       |       ||     4
       Robe              |       |    16 |    23 |       ||    39
       Troll leather arm |       |       |     5 |    14 ||    19
Dodge: Dodged            |   101 |   182 |   233 |   174 ||   690
Block: Other             |       |     8 |    44 |    41 ||    93

Table legend:
 A = Non-vault XP
 B = Vault XP
 C = Vault XP percentage of total XP
 D = Non-vault monster count
 E = Vault monster count
 F = Vault count percentage of total count
                 A         B        C        D         E       F
            +---------+---------+-------+---------+---------+-------
      Total |    5435 |    2823 |  34.2 |     191 |      37 |  16.2
            +---------+---------+-------+---------+---------+-------
        D:1 |      54 |       0 |   0.0 |      26 |       0 |   0.0
        D:2 |     103 |      56 |  35.2 |      26 |      12 |  31.6
        D:3 |     174 |       0 |   0.0 |      34 |       0 |   0.0
        D:4 |      91 |     262 |  74.2 |       8 |      10 |  55.6
        D:5 |    1136 |       0 |   0.0 |      28 |       0 |   0.0
        D:6 |     511 |     434 |  45.9 |      18 |       1 |   5.3
        D:7 |     579 |    2071 |  78.2 |      13 |      14 |  51.9
        D:8 |    2262 |       0 |   0.0 |      33 |       0 |   0.0
        D:9 |     525 |       0 |   0.0 |       5 |       0 |   0.0
            +---------+---------+-------+---------+---------+-------
